 Dungeon Crawl Stone Soup version 0.16-a0-783-gf476f6a (webtiles) character file.

826 RobertPalmer the Basher (level 7, -9/59 HPs)
             Began as an Ogre Wizard on Sept 26, 2014.
             Was an Initiate of Ashenzari.
             Killed by divine providence
             ... invoked by an orc priest
              (13 damage)
             ... on Level 5 of the Dungeon.
             The game lasted 00:23:13 (7717 turns).

RobertPalmer the Basher (Ogre Wizard)               Turns: 7717, Time: 00:23:13

HP  -9/59        AC  0     Str 13      XL: 7   Next: 96%
MP   9/15        EV 11     Int 17      God: Ashenzari [......]
Gold 323         SH  0     Dex 10      Spells:  4 memorised,  6 levels left

rFire  . . .     SeeInvis .     a - +0 flail
rCold  . . .     Clarity  .     o - +0 robe
rNeg   . . .     rCorr    .     (shield restricted)
rPois  .         rRot     .     b - +1 hat
rElec  .         Spirit   .     k - +0 cloak
SustAb .         Warding  .     (gloves unavailable)
rMut   .         Stasis   .     (boots unavailable)
Gourm  .                        (no amulet)
MR     +....                    w - +1 ring of evasion
                                p - cursed ring of protection from magic

@: corroded equipment, somewhat resistant to hostile enchantments, very
unstealthy
A: unfitting armour, tough skin 1
a: Renounce Religion


You were on level 5 of the Dungeon.
You worshipped Ashenzari.
Ashenzari was noncommittal.
You were very hungry.

You visited 2 branches of the dungeon, and saw 6 of its levels.

You collected 323 gold pieces.


Innate Abilities, Weirdness & Mutations

You are too large for most types of armour.
You have tough skin (AC +1).


   Skills:
 + Level 10.8 Maces & Flails
 - Level 2.4 Dodging
 - Level 1.5 Stealth
 - Level 3.6 Spellcasting
 - Level 0.6 Conjurations
 - Level 0.6 Summonings
 - Level 0.6 Translocations


You had 6 spell levels left.
You knew the following spells:

 Your Spells              Type           Power        Failure   Level  Hunger
b - Blink                 Tloc           N/A          21%         2    ##.....
d - Repel Missiles        Chrm/Air       #.....       30%         2    ##.....
x - Call Imp              Summ           #.......     21%         2    ##.....
z - Magic Dart            Conj           #...         14%         1    None

Inventory:

Hand weapons
 a - a +0 flail (weapon)
Missiles
 j - 45 stones (quivered)
Armour
 b - a +1 hat (worn)
 k - a +0 cloak (worn)
 o - a +0 robe (worn)
Magical devices
 h - a wand of cold (11)
 r - a wand of slowing (6)
 y - a wand of digging (7) {unknown}
Comestibles
 d - 2 meat rations
 q - 4 bread rations
Scrolls
 f - 2 scrolls of identify
 m - 4 scrolls of curse armour
 t - a scroll of remove curse
 u - a scroll of curse weapon
Jewellery
 p - a cursed ring of protection from magic (left hand)
 w - a +1 ring of evasion (right hand)
Potions
 e - a potion of restore abilities
Books
 c - a book of Minor Magic

Dungeon Overview and Level Annotations

Branches:
Dungeon (5/15)             Temple (1/1) D:4

Altars:
Ashenzari
Dithmenos
Elyvilon
Fedhas
Gozag
Kikubaaqudgha
Makhleb
Nemelex Xobeh
Okawaru
Ru
Sif Muna
Vehumet
Xom
Yredelemnul
The Shining One

#.# #.# # #####.## #
## #(.....## # #.
#######'.####.###
#.##.##........#(.##
#.....#..J.....#.(.#
#....#o.≈≈≈≈..#....
#.@JooJ.≈≈≈≈..(...#
#.#..'..≈≈≈≈....(##
#.####..≈§≈≈).#.##
#. #..!.....### #.
#........# #.
####''#### #.##
#...##.# .....
#.####.### .
#.###........#


You could see 2 jellies, an orc priest and 2 orcs.


Message History

You kill the centaur!
The jelly closely misses you. The jelly hits you.
* * * LOW HITPOINT WARNING * * *
You are splashed with acid!
The acid corrodes your equipment!
The acid burns!
* * * LOW HITPOINT WARNING * * *
Things that are here:
an uncursed shortbow; 3 arrows; a centaur corpse You see here a hound corpse.
You float gracefully downwards.
You hear a slurping noise.
The jelly splits in two!
You hear a slurping noise.
Your magical contamination has completely faded away.
An orc priest comes into view. It is wielding a quarterstaff.
The orc priest moves out of view.
The orc shouts!
The orc priest shouts!
An orc comes into view. It is wielding a club.
Read which item? (? for menu, Esc to quit)
Okay, then.
The orc hits you with a trident!
* * * LOW HITPOINT WARNING * * *
The orc hits you from afar with a trident.
* * * LOW HITPOINT WARNING * * *
The orc priest barely misses you.
There is a large open door here.
The orc priest mumbles some strange prayers to Beogh against you.
Something smites you!
You die...

Action                   |  1- 3 |  4- 6 |  7- 9 || total
-------------------------+-------+-------+-------++-------
Melee: Unarmed           |    36 |       |       ||    36
       Club              |     8 |       |       ||     8
       Whip              |   112 |    80 |       ||   192
       Mace              |       |   177 |     6 ||   183
       Flail             |       |       |   141 ||   141
Throw: Stone             |       |     7 |     3 ||    10
 Cast: Magic Dart        |    46 |    49 |    27 ||   122
       Call Imp          |     5 |    24 |    20 ||    49
       Repel Missiles    |       |     2 |     1 ||     3
Evoke: Wand              |       |     5 |     1 ||     6
  Use: Scroll            |     1 |     6 |     4 ||    11
       Potion            |       |     1 |     6 ||     7
 Stab: Sleeping          |     1 |       |       ||     1
       Distracted        |       |     2 |       ||     2
  Eat: Bread ration      |     1 |       |       ||     1
       Chunk             |       |    12 |     5 ||    17
       Pizza             |       |     1 |       ||     1

Vault maps used:
D:1:      minmay_arrival_four_circles, serial_curves, eino_curves_04,
          eino_curves_04, eino_curves_04, eino_curves_03
D:2:      kennysheep_doodads, minmay_misc_feat_x, grunt_decor_clamped
D:3:      old_standard_altar, first_bread, minmay_misc_feat_roman,
          okawaru_gym_becter
D:4:      old_standard_altar, fedhas_bush_and_centaur_altar,
          lemuel_zombie_altar_yredelemnul, minmay_temple_entry_hall,
          makhleb_heckhound_becter
D:5:      grunt_temple_overflow_open, serial_bayou_pond_a,
          minmay_gold_behind_plants, kennysheep_generic_room_6
Temple:   circular_temple_12

Notes
Turn   | Place    | Note
--------------------------------------------------------------
     0 | D:1      | RobertPalmer, the Ogre Wizard, began the quest for the Orb.
     0 | D:1      | Reached XP level 1. HP: 16/16 MP: 4/4
    53 | D:1      | Reached skill level 2 in Dodging
   325 | D:1      | Reached XP level 2. HP: 13/24 MP: 4/6
   706 | D:1      | Reached skill level 1 in Maces & Flails
   971 | D:1      | HP: 2/24 [giant gecko (3)]
  1247 | D:1      | Learned a level 2 spell: Blink
  1250 | D:1      | Learned a level 2 spell: Repel Missiles
  1253 | D:1      | Learned a level 2 spell: Call Imp
  1275 | D:1      | Reached skill level 2 in Maces & Flails
  1640 | D:1      | Reached XP level 3. HP: 28/31 MP: 8/8
  2221 | D:2      | Reached skill level 3 in Maces & Flails
  2702 | D:2      | Reached XP level 4. HP: 28/39 MP: 0/10
  2889 | D:2      | Reached skill level 4 in Maces & Flails
  3720 | D:2      | Reached skill level 5 in Maces & Flails
  4011 | D:3      | Reached XP level 5. HP: 32/45 MP: 5/11
  4552 | D:3      | Found an iron altar of Okawaru.
  4568 | D:3      | Found a sacrificial altar of Ru.
  4765 | D:4      | Noticed a phantom
  4804 | D:4      | Killed a phantom
  4804 | D:4      | Reached skill level 6 in Maces & Flails
  5014 | D:4      | Found a staircase to the Ecumenical Temple.
  5166 | D:4      | Reached skill level 7 in Maces & Flails
  5166 | D:4      | Reached XP level 6. HP: 53/53 MP: 13/13
  5184 | D:4      | Found an ancient bone altar of Kikubaaqudgha.
  5199 | D:4      | Found a blossoming altar of Fedhas.
  5199 | D:4      | Noticed a centaur
  5273 | Temple   | Entered the Ecumenical Temple
  5284 | Temple   | Became a worshipper of Ashenzari the Shackled
  5355 | D:4      | Killed a centaur
  5640 | D:4      | Reached skill level 8 in Maces & Flails
  5996 | D:4      | Reached XP level 7. HP: 48/59 MP: 4/15
  6069 | D:4      | Reached skill level 9 in Maces & Flails
  6155 | D:4      | Found a basalt altar of Yredelemnul.
  6255 | D:4      | Found a burning altar of Makhleb.
  6375 | D:5      | Entered Level 5 of the Dungeon
  6815 | D:5      | Found a shadowy altar of Dithmenos.
  6818 | D:5      | Found a white marble altar of Elyvilon.
  7145 | D:5      | Reached skill level 10 in Maces & Flails
  7714 | D:5      | HP: 3/59 [orc/trident (3)]
  7717 | D:5      | Killed from afar by an orc priest

Vanquished Creatures
  A sky beast (D:5)
  A centaur (D:5)
  A phantom (D:4)
  A jelly (D:5)
  A quasit (D:4)
  2 crimson imps
  A hound (D:4)
  4 orc wizards
  5 adders
  A shadow imp (D:5)
  A giant mite (D:5)
  3 worms
  An adder skeleton (D:4)
  4 giant geckos
  An ooze (D:4)
  6 orcs
  2 ball pythons
  4 giant cockroaches
  2 gnoll zombies (D:4)
  14 hobgoblins
  14 jackals
  8 kobolds
  3 quokkas
  11 bats
  6 giant newts
  11 goblins
  13 rats
122 creatures vanquished.

Vanquished Creatures (collateral kills)
  A centaur (D:4)
  A hound (D:5)
  An orc wizard (D:5)
  A worker ant (D:5)
  2 iguanas (D:4)
  5 adders
  A worm (D:2)
  A giant gecko (D:4)
  4 orcs
  A quokka (D:5)
  A rat (D:4)
19 creatures vanquished.

Vanquished Creatures (others)
  2 crimson imps (D:5)
  9 white imps
  4 plants (D:5)
15 creatures vanquished.

Grand Total: 156 creatures vanquished
